 Dungeon Crawl Stone Soup version 0.20.1-1-g8b1a95d (webtiles) character file.

154 equalderp2856 the Skirmisher (level 5, -7/41 HPs)
             Began as a Mummy Fighter on Oct 28, 2017.
             Killed by divine providence
             ... invoked by an orc priest
              (12 damage)
             ... on level 4 of the Dungeon.
             The game lasted 00:03:45 (2960 turns).

equalderp2856 the Skirmisher (Mummy Fighter)        Turns: 2960, Time: 00:03:46

Health: -7/41      AC:  7    Str: 20    XL:     5   Next: 13%
Magic:  8/8        EV:  7    Int:  8    God:
Gold:   51         SH:  9    Dex: 11    Spells: 8/8 levels left

rFire    x . .     SeeInvis .   a - +0 war axe
rCold    + . .     Gourm    .   c - +0 shield
rNeg     + + +     Faith    .   b - +0 scale mail
rPois    ∞         Spirit   .   k - +0 helmet
rElec    .         Reflect  .   (no cloak)
rCorr    .         Harm     .   (no gloves)
MR       .....                  (no boots)
Stlth    ..........             i - amulet of magic regeneration
Regen    0.2/turn               (no ring)
MPRegen  0.2/turn               (no ring)

@: no status effects
A: no food or potions, fire vulnerability, cold resistance 1, negative energy
resistance 3, torment resistance, unbreathing
a: no special abilities


You were on level 4 of the Dungeon.
You were not hungry.

You visited 1 branch of the dungeon, and saw 4 of its levels.

You collected 51 gold pieces.

Inventory:

Hand Weapons
 a - a +0 war axe (weapon)
Armour
 b - a +0 scale mail (worn)
 c - a +0 shield (worn)
 g - a +0 helmet
 k - a +0 helmet (worn)
Jewellery
 i - an amulet of magic regeneration (around neck)
Wands
 l - a wand of random effects (30/48)
Scrolls
 d - a scroll of fear {unknown}
 e - 6 scrolls of identify {unknown}
 f - 4 scrolls of remove curse {unknown}
 h - 3 scrolls of teleportation {unknown}
 j - a scroll of recharging {unknown}
 m - a scroll of immolation {unknown}


   Skills:
 + Level 3.5 Fighting
 + Level 2.7 Axes
 + Level 2.7 Armour
 + Level 0.4 Dodging
 + Level 0.1 Stealth
 * Level 3.1 Shields
 * Level 2.0 Spellcasting


You had 8 spell levels left.
You didn't know any spells.

Dungeon Overview and Level Annotations

Branches:
Dungeon (4/15)
 Temple: D:4-7

Altars:
Dithmenos
Fedhas
Gozag
Xom


Innate Abilities, Weirdness & Mutations

You do not eat or drink.
Your flesh is vulnerable to fire.
You are immune to poison.
Your flesh is cold resistant. (rC+)
You are immune to negative energy. (rN+++)
You are immune to unholy pain and torment.
You can survive without breathing.


Message History

The orc priest jeers repeatedly, as Orcs often do.
Unknown command.
The phantom blinks!
The phantom hits you but does no damage.
Your shield and scale mail prevent you from hitting the phantom.
The phantom hits you.
The phantom blinks!
The orc priest calls down the wrath of Beogh upon you.
Beogh smites you!
Unknown command.
The phantom hits you but does no damage.
The phantom blinks!
Unknown command.
Unknown command.
The orc priest invokes the aid of Beogh against you.
Beogh smites you!
* * * LOW HITPOINT WARNING * * *
Unknown command.
The orc priest mumbles some strange prayers to Beogh against you.
Beogh smites you!
You die...

#.# #.# #.# # #.#
#.############# #.#
#.............# #.#
#.............# #.#
..............###.#
...........@......#
.####.o###########
#....o.# #...##.#
#...##.# #...##o#
#...##.# #...##.#
#...##.#


You could see an orc priest.

Vanquished Creatures
  An orc priest (D:3)
  4 adders
  An ooze (D:2)
  2 dart slugs
  2 leopard geckos (D:2)
  5 orcs
  13 giant cockroaches (D:2)
  6 goblins
  7 hobgoblins
  4 jackals
  2 ball pythons (D:2)
  5 bats
  5 frilled lizards
  6 kobolds
  6 rats
69 creatures vanquished.

Vanquished Creatures (others)
  5 dream sheep (D:3)
5 creatures vanquished.

Grand Total: 74 creatures vanquished

Notes
Turn   | Place    | Note
-------+----------+-------------------------------------------
     0 | D:1      | equalderp2856 the Mummy Fighter began the quest for the Orb.
     0 | D:1      | Reached XP level 1. HP: 18/18 MP: 1/1
   388 | D:1      | Reached XP level 2. HP: 24/24 MP: 2/2
   977 | D:2      | Found a blossoming altar of Fedhas.
  1032 | D:2      | Reached XP level 3. HP: 21/29 MP: 4/4
  1069 | D:2      | Reached skill level 1 in Spellcasting
  1297 | D:2      | Found a shadowy altar of Dithmenos.
  1480 | D:2      | Reached XP level 4. HP: 35/35 MP: 6/6
  2309 | D:3      | Reached XP level 5. HP: 41/41 MP: 7/7
  2630 | D:3      | Found a shimmering altar of Xom.
  2630 | D:3      | Noticed a dream sheep
  2630 | D:3      | Noticed a dream sheep
  2630 | D:3      | Noticed a dream sheep
  2630 | D:3      | Noticed a dream sheep
  2630 | D:3      | Noticed a dream sheep
  2635 | D:3      | Killed a dream sheep
  2635 | D:3      | Killed a dream sheep
  2635 | D:3      | Killed a dream sheep
  2636 | D:3      | Killed a dream sheep
  2637 | D:3      | Killed a dream sheep
  2815 | D:3      | Found an opulent altar of Gozag.
  2930 | D:4      | Noticed a phantom
  2960 | D:4      | Killed from afar by an orc priest

Skill      XL: |  1  2  3  4  5 |
---------------+----------------+-----
Axes           | 2 |  2.7
Spellcasting   | 1 2 |  2.0
Shields        | 3 |  3.1
Fighting       | |  3.5
Armour         | |  2.7
Dodging        | |  0.4
Stealth        | |  0.1

Action                   |  1- 3 |  4- 6 || total
-------------------------+-------+-------++-------
Melee: War axe           |   139 |   123 ||   262
Armor: Scale mail        |    76 |    61 ||   137
Dodge: Dodged            |    57 |    32 ||    89
Block: Shield            |    83 |    61 ||   144
